 Dungeon Crawl Stone Soup version 0.28.0-43-g3370ac3207 (webtiles) character file.

Game seed: 13162480585132766625

67281 fknight the Spear-Bearer (level 15, -5/180 HPs)
             Began as a Gnoll Berserker on Mar 8, 2022.
             Was a Priest of Trog.
             Slain by a minotaur
             ... wielding a staff of cold
              (9 damage)
             ... in a Gauntlet.
             The game lasted 02:08:51 (29789 turns).

fknight the Spear-Bearer (Gnoll Berserker)         Turns: 29789, Time: 02:08:52

Health: -5/180     AC: 30    Str: 21    XL:     15   Next: 22%
Magic:  37/37      EV: 14    Int:  8    God:    Trog [***...]
Gold:   1217       SH:  6    Dex: 13    Spells: 33/33 levels left

rFire   . . .      SeeInvis +   q - +6 spear (vorpal)
rCold   + . .      Faith    .   u - +0 buckler
rNeg    . . .      Spirit   .   g - +2 plate armour
rPois   .          Reflect  .   j - +1 helmet {SInv}
rElec   +          Harm     .   (no cloak)
rCorr   .          Rampage  .   a - +4 pair of gloves of the Shrike {rElec rC+ MP+9}
Will    +++..      NoTele   +   c - +0 pair of boots
Stlth   ..........              (no amulet)
HPRegen 1.40/turn               o - +4 ring of protection
MPRegen 0.25/turn               U - +4 ring of evasion

@: mighty, berserking (expiring), strong-willed, regenerating, hasted, very
quick
A: fangs 1, strong nose, distributed training
a: Renounce Religion, Berserk, Trog's Hand


You were in a Gauntlet.
You worshipped Trog.
Trog was most pleased with you.
You visited 4 branches of the dungeon, and saw 21 of its levels.
You also visited: Gauntlet.

You collected 1217 gold pieces.

Inventory:

Hand Weapons
 h - a +5 vorpal shortbow
 i - a +4 vorpal trident
 q - a +6 vorpal spear (weapon)
 E - a +0 glaive
 H - a +2 hunting sling of freezing
 Q - the +7 falchion "Arbiter" {venom, Dex-5 SInv Stlth+}
   (You took it off a wight on level 8 of the Dungeon)

   It poisons the flesh of those it strikes.
   Dex:       It affects your dexterity (-5).
   SInv:      It lets you see invisible.
   Stlth:     It makes you more stealthy.
 S - a +5 long sword
 T - a +3 spear
 W - a +5 great sword of draining
Missiles
 b - 8 throwing nets
 e - 225 sling bullets
 p - 16 boomerangs (quivered)
 C - 4 javelins
 L - 39 poisoned darts
 Y - 4 curare-tipped darts
Armour
 a - the +4 pair of gloves of the Shrike (worn) {rElec rC+ MP+9}
   (You acquired it on level 5 of the Dungeon)

   rC:        It protects you from cold.
   rElec:     It insulates you from electricity.
   MP:        It affects your magic capacity (+9).
 c - a +0 pair of boots (worn)
 g - a +2 plate armour (worn)
 j - a +1 helmet of see invisible (worn)
 r - a +2 scale mail of cold resistance
 u - a +0 buckler (worn)
 x - the +4 leather armour of Minor Irritation {Will+ Regen+}
   (You found it on level 4 of the Dungeon)

   Regen:     It increases your rate of health regeneration.
   Will:      It increases your willpower.
 B - a +3 leather armour of poison resistance
 I - a +0 scale mail of fire resistance
Jewellery
 k - a ring of ice
 o - a +4 ring of protection (left hand)
 K - a +6 ring of dexterity
 U - a +4 ring of evasion (right hand)
Wands
 y - a wand of paralysis (13)
 z - a wand of acid (3)
 M - a wand of charming (4)
 O - a wand of digging (9)
 P - a wand of polymorph (8)
 V - a wand of iceblast (11)
 Z - a wand of flame (16)
Scrolls
 l - 5 scrolls of fog
 m - 3 scrolls of fear
 D - a scroll of brand weapon
 F - 2 scrolls of teleportation
 J - a scroll of identify
Potions
 d - a potion of cancellation
 s - 6 potions of curing
 t - 3 potions of flight
 v - a potion of resistance
 w - a potion of heal wounds
 A - a potion of berserk rage
 G - 2 potions of ambrosia
 R - a potion of might
 X - a potion of invisibility
Miscellaneous
 f - a tin of tremorstones (2/2)
 N - a condenser vane


   Skills:
 + Level 11.8 Fighting
 + Level 9.9 Short Blades
 + Level 9.9 Long Blades
 + Level 9.9 Axes
 + Level 9.9 Maces & Flails
 + Level 11.8 Polearms
 + Level 9.9 Staves
 + Level 9.9 Slings
 + Level 9.9 Bows
 + Level 9.9 Crossbows
 + Level 9.9 Throwing
 + Level 10.9 Armour
 + Level 10.9 Dodging
 + Level 9.9 Stealth
 + Level 9.9 Shields
 + Level 9.9 Unarmed Combat
 + Level 9.9 Spellcasting
 + Level 8.3 Conjurations
 + Level 8.3 Hexes
 + Level 8.3 Summonings
 + Level 8.3 Necromancy
 + Level 8.3 Translocations
 + Level 8.3 Transmutations
 + Level 8.3 Fire Magic
 + Level 8.3 Ice Magic
 + Level 8.3 Air Magic
 + Level 8.3 Earth Magic
 + Level 8.3 Poison Magic
 + Level 10.8 Invocations
 + Level 9.9 Evocations


You had 33 spell levels left.
You didn't know any spells.
Your spell library was empty.

Dungeon Overview and Level Annotations

Branches:
Dungeon (13/15)            Temple (0/1) D:5            Lair (6/6) D:9
  Swamp (1/4) Lair:2        Snake (1/4) Lair:2        Slime (0/5) Lair:5
    Orc (0/2) D:11        Gauntlet (1/1)
 Vaults: D:13-14

Altars:
Cheibriados
Dithmenos
Elyvilon
Gozag
Kikubaaqudgha
Nemelex Xobeh
Qazlal
Trog
Uskayaw
Vehumet
Wu Jian
Xom
Zin
Jiyva
Lugonu

Shops:
D:3 (   D:6 [   D:9 **   D:11 *

Portals:
Abyss: Lair:6

Annotations:
Gauntlet 7 transporters, 1 runed translucent door


Innate Abilities, Weirdness & Mutations

You have very sharp teeth.
Your uncanny sense of smell can sniff out nearby items.
Your experience applies equally to all skills.


Message History

You are too injured to fight recklessly!
You impale the minotaur!!
The minotaur is heavily wounded.
You hit the minotaur.
The minotaur is heavily wounded.
The minotaur hits you with a staff of cold!!!
* * * LOW HITPOINT WARNING * * *
The minotaur freezes you.
* * * LOW HITPOINT WARNING * * *
The minotaur gores you!
* * * LOW HITPOINT WARNING * * *
You barely miss the minotaur.
The minotaur is heavily wounded.
You hit the minotaur.
The minotaur is heavily wounded.
You block the minotaur's attack.
The minotaur gores you but does no damage.
You puncture the minotaur!
You bite the minotaur, but do no damage.
The minotaur is heavily wounded.
You hit the minotaur but do no damage.
The minotaur is heavily wounded.
The minotaur hits you but does no damage.
The minotaur freezes you.
* * * LOW HITPOINT WARNING * * *
You block the minotaur's attack.
You hit the minotaur. Your bite misses the minotaur.
The minotaur is severely wounded.
You puncture the minotaur!
The minotaur is severely wounded.
The minotaur hits you but does no damage.
The minotaur freezes you.
* * * LOW HITPOINT WARNING * * *
The minotaur closely misses you.
You hit the minotaur.
The minotaur is severely wounded.
The minotaur hits you with a staff of cold!
* * * LOW HITPOINT WARNING * * *
The minotaur gores you!
You die...

#############
#...........#
#..########.#
##.#.....@.#.##
#..#.#####H#..#
#.##.# .##.#
#.#..# ∆ ..#.#
#.#.## #.#.#
#.#. .#.# #.#.
.#.#
#.#############
#.............#


You could see a minotaur (berserk).

Vanquished Creatures
  Frances (D:12)
  The ghost of ChongLi the Scribe, a journeyman OgAE of Sif Muna (Lair:2)
  A bunyip (Swamp:1)
  The ghost of pkoi the Destroyer, a journeyman DrCj of Sif Muna (Lair:3)
  Fannar (D:12)
  Josephine (D:12)
  4 hydras
  Harold (D:11)
  A boulder beetle (Lair:6)
  A centaur warrior (D:12)
  A catoblepas (Lair:5)
  A dancing weapon (D:10)
  A two-headed ogre (D:6)
  4 thrashing horrors (Lair:6)
  A tengu warrior (Gauntlet)
  Nergalle (D:11)
  The ghost of pkoi the Zephyrmancer, a novice SpAE of Sif Muna (D:10)
  3 bog bodies (Lair:2)
  A wolf spider (Lair:4)
  An oklob plant (Lair:3)
  A cyclops (D:7)
  An ugly thing (Lair:6)
  4 black mambas
  12 elephants
  An ice statue (Gauntlet)
  A guardian serpent (Lair:2)
  A gargoyle (D:12)
  2 smoke demons (Lair:6)
  Joseph (D:7)
  8 rime drakes
  An unseen horror (D:13)
  A kobold demonologist (D:12)
  19 cane toads
  13 komodo dragons
  2 tengu conjurers (Gauntlet)
  5 polar bears (Lair:1)
  2 trolls
  2 ancient zymes (Lair:6)
  3 hornets
  3 slime creatures (D:12)
  A raiju (Gauntlet)
  A meliai zombie (D:11)
  20 blink frogs
  12 dream sheep
  2 ynoxinuls (Lair:6)
  A spriggan (Lair:6)
  6 wraiths (D:12)
  46 yaks
  5 wyverns
  3 shadows
  7 basilisks
  A yak (shapeshifter) (D:13)
  4 steam dragons
  2 chaos spawn (Lair:6)
  Menkaure (D:7)
  A two-headed ogre zombie (D:11)
  Edmund (D:6)
  2 large abominations (Lair:6)
  2 acid dragons
  3 swamp worms
  12 water moccasins
  The ghost of Jingleheimer the Sneak, an amateur VSEn (D:4)
  A sky beast (D:6)
  3 orc warriors
  A black bear (D:7)
  2 ogres
  14 centaurs
  16 wolves (Lair:4)
  3 phantoms
  3 kobold brigands
  Blork the orc (D:6)
  10 bullfrogs
  2 wyvern zombies
  2 gnoll sergeants
  3 scorpions
  A water moccasin skeleton (D:6)
  3 troll zombies (D:11)
  A wyvern skeleton (D:4)
  9 killer bees
  4 electric eels
  2 vampire bats (D:4)
  8 wights
  A howler monkey (D:9)
  2 centaur zombies
  11 small abominations (Lair:6)
  2 gnoll shamans
  4 orc priests
  3 hounds
  2 bullfrog skeletons
  A jelly (D:7)
  11 orc wizards
  5 centaur skeletons
  A hell rat (Lair:4)
  A scorpion zombie (D:5)
  A lightning spire (Gauntlet)
  4 ogre zombies (D:11)
  A hound skeleton (D:4)
  A mummy (D:6)
  A howler monkey zombie (D:8)
  Robin (D:2)
  18 gnolls
  8 adders
  A shadow imp (D:7)
  A white imp (D:7)
  An ufetubus (D:5)
  3 dart slugs
  33 orcs
  8 endoplasms
  3 giant cockroaches
  17 goblins
  10 hobgoblins
  2 jackals (D:2)
  6 quokkas
  4 ball pythons
  10 bats
  3 frilled lizards
  3 goblin skeletons (D:11)
  3 goblin zombies (D:11)
  2 hobgoblin skeletons (D:11)
  26 kobolds
  3 orc skeletons (D:11)
  14 orc zombies (D:11)
  4 rats
570 creatures vanquished.

Vanquished Creatures (others)
  An orc wizard (D:8)
  3 gnolls (D:8)
  33 fungi
  90 plants
127 creatures vanquished.

Grand Total: 697 creatures vanquished

Notes
Turn   | Place    | Note
-------+----------+-------------------------------------------
     0 | D:1      | fknight the Gnoll Berserker began the quest for the Orb.
     0 | D:1      | Reached XP level 1. HP: 23/23 MP: 1/1
   175 | D:1      | Reached XP level 2. HP: 29/29 MP: 2/2
   628 | D:1      | Reached XP level 3. HP: 35/35 MP: 3/3
   839 | D:2      | Reached ** piety under Trog
   886 | D:2      | Reached skill level 1 in Invocations
   969 | D:2      | Reached skill level 1 in Short Blades
   969 | D:2      | Reached skill level 1 in Long Blades
   969 | D:2      | Reached skill level 1 in Axes
   969 | D:2      | Reached skill level 1 in Maces & Flails
   969 | D:2      | Reached skill level 1 in Staves
   969 | D:2      | Reached skill level 1 in Slings
   969 | D:2      | Reached skill level 1 in Bows
   969 | D:2      | Reached skill level 1 in Crossbows
   969 | D:2      | Reached skill level 1 in Throwing
   969 | D:2      | Reached skill level 1 in Stealth
   969 | D:2      | Reached skill level 1 in Shields
   969 | D:2      | Reached skill level 1 in Unarmed Combat
   969 | D:2      | Reached skill level 1 in Spellcasting
   969 | D:2      | Reached skill level 1 in Evocations
   969 | D:2      | Reached XP level 4. HP: 31/41 MP: 5/5
  1258 | D:2      | Noticed Robin
  1276 | D:2      | Killed Robin
  1291 | D:2      | Reached skill level 1 in Conjurations
  1291 | D:2      | Reached skill level 1 in Hexes
  1291 | D:2      | Reached skill level 1 in Summonings
  1291 | D:2      | Reached skill level 1 in Necromancy
  1291 | D:2      | Reached skill level 1 in Translocations
  1291 | D:2      | Reached skill level 1 in Transmutations
  1291 | D:2      | Reached skill level 1 in Fire Magic
  1291 | D:2      | Reached skill level 1 in Ice Magic
  1291 | D:2      | Reached skill level 1 in Air Magic
  1291 | D:2      | Reached skill level 1 in Earth Magic
  1291 | D:2      | Reached skill level 1 in Poison Magic
  1432 | D:2      | Noticed a great orb of eyes
  1434 | D:2      | Found a faded altar of an unknown god.
  1436 | D:2      | Noticed a shining eye
  1436 | D:2      | Noticed a shining eye
  1436 | D:2      | Noticed a floating eye
  1851 | D:3      | Found Maarixku's Antique Weapon Shoppe.
  1898 | D:3      | Found a glowing silver altar of Zin.
  1916 | D:3      | Reached XP level 5. HP: 47/47 MP: 6/6
  2730 | D:4      | Reached XP level 6. HP: 46/53 MP: 8/8
  2741 | D:4      | Reached *** piety under Trog
  2892 | D:4      | Reached skill level 5 in Armour
  2892 | D:4      | Reached skill level 5 in Dodging
  2973 | D:4      | Found a runed translucent gate.
  2974 | D:4      | Found a stormy altar of Qazlal.
  2976 | D:4      | Found a runed translucent gate.
  3044 | D:4      | Reached XP level 7. HP: 21/59 MP: 10/10
  3606 | D:4      | Found a runed translucent gate.
  3762 | D:4      | Noticed Jingleheimer's ghost (amateur VSEn)
  3780 | D:4      | Killed Jingleheimer's ghost
  3798 | D:4      | Identified the +4 leather armour of Minor Irritation {Will+
                  | Regen+}
  3829 | D:5      | Entered Level 5 of the Dungeon
  3924 | D:5      | Noticed a hornet
  4047 | D:5      | Identified a scroll of acquirement
  4047 | D:5      | Acquired the +4 pair of gloves of the Shrike {rElec rC+
                  | MP+9}
  4067 | D:5      | Reached XP level 8. HP: 67/67 MP: 12/12
  4228 | D:5      | Found a sparkling altar of Nemelex Xobeh.
  4231 | D:5      | Found a bloodstained altar of Trog.
  4240 | D:5      | Found a radiant altar of Vehumet.
  4257 | D:5      | Found a shadowy altar of Dithmenos.
  4282 | D:5      | Killed a hornet
  4491 | D:5      | Found a staircase to the Ecumenical Temple.
  4572 | D:5      | Found a white marble altar of Elyvilon.
  4827 | D:6      | Found a snail-covered altar of Cheibriados.
  4907 | D:6      | Found a shimmering altar of Xom.
  5312 | D:6      | Noticed Blork the orc
  5323 | D:6      | Killed Blork the orc
  5324 | D:6      | Reached XP level 9. HP: 72/72 MP: 14/14
  5324 | D:6      | Noticed a two-headed ogre
  5328 | D:6      | Noticed Edmund
  5334 | D:6      | Killed a two-headed ogre
  5340 | D:6      | Killed Edmund
  5429 | D:6      | Reached **** piety under Trog
  5448 | D:6      | Found Jashriank's Antique Armour Emporium.
  5936 | D:6      | Found an opulent altar of Gozag.
  6835 | D:7      | Reached skill level 5 in Invocations
  6911 | D:7      | Noticed a cyclops
  6922 | D:7      | Killed a cyclops
  6923 | D:7      | Reached XP level 10. HP: 80/80 MP: 17/17
  7020 | D:7      | Reached skill level 5 in Short Blades
  7020 | D:7      | Reached skill level 5 in Long Blades
  7020 | D:7      | Reached skill level 5 in Axes
  7020 | D:7      | Reached skill level 5 in Maces & Flails
  7020 | D:7      | Reached skill level 5 in Staves
  7020 | D:7      | Reached skill level 5 in Slings
  7020 | D:7      | Reached skill level 5 in Bows
  7020 | D:7      | Reached skill level 5 in Crossbows
  7020 | D:7      | Reached skill level 5 in Throwing
  7020 | D:7      | Reached skill level 5 in Stealth
  7020 | D:7      | Reached skill level 5 in Shields
  7020 | D:7      | Reached skill level 5 in Unarmed Combat
  7020 | D:7      | Reached skill level 5 in Spellcasting
  7020 | D:7      | Reached skill level 5 in Evocations
  7135 | D:7      | Found an ancient bone altar of Kikubaaqudgha.
  7136 | D:7      | Found a hide-covered altar of Uskayaw.
  7177 | D:7      | Noticed Menkaure
  7194 | D:7      | Killed Menkaure
  7647 | D:7      | Noticed Joseph
  7671 | D:7      | Killed Joseph
  7676 | D:7      | Found an ornate altar of the Wu Jian Council.
  8889 | D:8      | Identified the +1 leather armour of Lucidity {-Tele rElec
                  | rC+ SInv}
  9288 | D:8      | Identified the +7 falchion "Arbiter" {venom, Dex-5 SInv
                  | Stlth+}
  9576 | D:9      | Found a staircase to the Lair.
  9869 | D:9      | Reached XP level 11. HP: 87/87 MP: 19/19
  9977 | D:9      | Found Heopuc's General Store.
  9980 | D:9      | Found Fuakhyado's Specific Store.
 10466 | D:10     | Entered Level 10 of the Dungeon
 10798 | D:10     | Found a runed translucent door.
 10798 | D:10     | Found a shimmering altar of Xom.
 10798 | D:10     | Noticed pkoi's ghost (novice SpAE)
 10801 | D:10     | Noticed a +0 long sword of chaos
 10886 | D:10     | Reached skill level 5 in Conjurations
 10886 | D:10     | Reached skill level 5 in Hexes
 10886 | D:10     | Reached skill level 5 in Summonings
 10886 | D:10     | Reached skill level 5 in Necromancy
 10886 | D:10     | Reached skill level 5 in Translocations
 10886 | D:10     | Reached skill level 5 in Transmutations
 10886 | D:10     | Reached skill level 5 in Fire Magic
 10886 | D:10     | Reached skill level 5 in Ice Magic
 10886 | D:10     | Reached skill level 5 in Air Magic
 10886 | D:10     | Reached skill level 5 in Earth Magic
 10886 | D:10     | Reached skill level 5 in Poison Magic
 11689 | Lair:1   | Entered Level 1 of the Lair of Beasts
 13830 | Lair:2   | Found a runed translucent door.
 13837 | Lair:2   | Noticed ChongLi's ghost (journeyman OgAE)
 13869 | Lair:2   | Found a staircase to the Snake Pit.
 14037 | Lair:2   | Reached XP level 12. HP: 77/96 MP: 22/22
 14922 | Lair:2   | Found a staircase to the Swamp.
 15734 | Lair:2   | Killed ChongLi's ghost
 16198 | Swamp:1  | Entered Level 1 of the Swamp
 16198 | Swamp:1  | Noticed a bunyip
 16332 | Lair:3   | Reached skill level 10 in Fighting
 16332 | Lair:3   | Reached skill level 10 in Polearms
 16628 | Lair:3   | Found a runed translucent gate.
 16629 | Lair:3   | Found a runed translucent gate.
 16630 | Lair:3   | Found a runed translucent gate.
 16631 | Lair:3   | Noticed pkoi's ghost (journeyman DrCj)
 16653 | Lair:3   | You fall into a shaft and drop 2 floors!
 17850 | Lair:4   | Reached XP level 13. HP: 103/103 MP: 24/24
 20436 | Lair:3   | Killed pkoi's ghost
 21363 | Lair:5   | Found a viscous altar of Jiyva.
 21364 | Lair:5   | Found a staircase to the Slime Pits.
 21760 | Lair:6   | Entered Level 6 of the Lair of Beasts
 22307 | Lair:6   | Reached skill level 10 in Armour
 22307 | Lair:6   | Reached skill level 10 in Dodging
 22320 | Lair:6   | Reached XP level 14. HP: 108/113 MP: 26/26
 23681 | Lair:6   | Reached skill level 10 in Invocations
 25136 | Lair:6   | Found a corrupted altar of Lugonu.
 25136 | Lair:6   | Found a one-way gate to the infinite horrors of the Abyss.
 25772 | Swamp:1  | Noticed an eleionoma
 26103 | Snake:1  | Entered Level 1 of the Snake Pit
 26211 | D:10     | Killed pkoi's ghost
 26449 | D:11     | Found Pudezuyp's Assorted Antiques.
 26551 | D:11     | Found a staircase to the Orcish Mines.
 26970 | D:11     | Noticed Nergalle
 26980 | D:11     | Killed Nergalle
 27051 | D:11     | Noticed Harold
 27086 | D:11     | Killed Harold
 27797 | D:12     | Noticed Josephine
 27819 | D:12     | Killed Josephine
 27820 | D:12     | Reached XP level 15. HP: 120/120 MP: 28/28
 28470 | D:12     | Noticed Frances
 28485 | D:12     | Killed Frances
 28686 | D:12     | Noticed Fannar
 28715 | D:12     | Killed Fannar
 29186 | D:13     | Found a gate leading to a gauntlet.
 29199 | Gauntlet | Entered a Gauntlet
 29199 | Gauntlet | Found a transporter.
 29208 | Gauntlet | Found a transporter.
 29210 | Gauntlet | Found a transporter.
 29229 | Gauntlet | Found a transporter.
 29230 | Gauntlet | Found a transporter.
 29244 | Gauntlet | Found a transporter.
 29260 | Gauntlet | Found a transporter.
 29267 | Gauntlet | Found a transporter.
 29280 | Gauntlet | Found a transporter.
 29298 | Gauntlet | Found a transporter.
 29298 | Gauntlet | Found the amulet of the Four Winds {rN+ Will+++ Clar}
 29310 | Gauntlet | Found a transporter.
 29311 | Gauntlet | Found a transporter.
 29515 | Gauntlet | Found a runed translucent door.
 29526 | Gauntlet | Found a transporter.
 29761 | Gauntlet | Identified the +1 chain mail of the Great Game {rElec rPois
                  | Regen+ Str-4 Slay+3}
 29789 | Gauntlet | HP: 4/180 [minotaur/staff of cold (17)]
 29789 | Gauntlet | Slain by a minotaur

Illustrated notes

Levels and vault maps discovered:
D:1:      beargit_arrival_diablo_church, layout_basic
D:2:      layout_rooms, hellmonk_ecumenical_altar_watching_god,
          hangedman_feature_mirror, minmay_misc_feat_four_crosses, uniq_robin
D:3:      layout_basic, mainiacjoe_overflow_boulevard, serial_curves,
          eino_curves_04, eino_curves_03, serial_shops, shop_statue,
          lemuel_flame_loot_1
D:4:      layout_cave_pools, nicolae_qazlal_eye_of_the_storm,
          gammafunk_ghost_necromancy, roderic_batcave,
          nicolae_elevator_lobby_plus
D:5:      layout_rooms, grunt_temple_overflow_cloverleaf,
          nicolae_elyvilon_peaceful_grove, minmay_temple_entry_drinking_statues,
          serial_park_tiny_1, minivault_26
D:6:      layout_loops_ring, lemuel_tele_altar, mainiacjoe_overflow_brackets,
          slow_altar_1, serial_shops, nicolae_shop_statue_plus,
          serial_bayou_ford_a, centaur_isle, uniq_edmund, uniq_blork_the_orc
D:7:      layout_basic, mainiacjoe_overflow_catwalk_spiral,
          mainiacjoe_overflow_tiny_flanked, uniq_menkaure, uniq_joseph
D:8:      layout_basic
D:9:      layout_gridville, dpeg_oklobed_lair, nicolae_specific_store,
          minivault_16
D:10:     layout_gridville, ebering_ghost_xom
D:11:     layout_roguey, zombieorc2_lemuel, serial_shops,
          nicolae_shop_overgrown_old_shop, uniq_harold, uniq_nergalle
D:12:     layout_basic, uniq_frances, uniq_fannar, uniq_josephine
D:13:     layout_basic, gauntlet_entry_generic, vehumet_statue
Lair:1:   layout_chaotic_city, cheibrodos_lair_lostbears
Lair:2:   layout_regular_city, nicolae_swamp_entry_splash_gauntlet,
          minmay_snake_entry_spellcaster, ebering_ghost_inner_flame
Lair:3:   layout_hall_layers, gammafunk_ghost_split, minmay_lair_oklob_items,
          fungi_pond_lemuel
Lair:4:   layout_cave_pods, serial_bayou_pond_b,
          nicolae_lair_run_with_the_wolves, grunt_megastairs_3
Lair:5:   layout_layer_cave, slime_altar_1, kennysheep_catoblepas_arena
Lair:6:   hellmonk_lair_end_abyssal_woods, layout_regular_city,
          serial_bayou_lagoon_a
Swamp:1:  layout_basic_swamp, nicolae_swamp_fairy_circle,
          infiniplex_staircase_pool_2, uniq_roxanne
Snake:1:  layout_onion_interference, chequers_hall_statues_wall_a, drop_trap,
          fake_guardian_serpent_vault
Gauntlet: minmay_gauntlet_77_tree [minmay_gauntlet_arena_77_mirror,
          minmay_gauntlet_arena_77_path, minmay_gauntlet_arena_77_checkered,
          minmay_gauntlet_arena_77_tiled_triplets,
          minmay_gauntlet_arena_77_radiant_squares,
          minmay_gauntlet_arena_77_two_lines, minmay_gauntlet_arena_77_mess,
          dreamdust_gauntlet_exit_labyrinth]

Skill      XL: |  1  2  3  4  5  6  7  8  9 10 11 12 13 14 |
---------------+-------------------------------------------+-----
Invocations    | 1 2 3 4 5 6 7 8 9 10 | 10.8
Short Blades   | 1 2 3 4 5 6 7 8 9 |  9.9
Long Blades    | 1 2 3 4 5 6 7 8 9 |  9.9
Axes           | 1 2 3 4 5 6 7 8 9 |  9.9
Maces & Flails | 1 2 3 4 5 6 7 8 9 |  9.9
Staves         | 1 2 3 4 5 6 7 8 9 |  9.9
Slings         | 1 2 3 4 5 6 7 8 9 |  9.9
Bows           | 1 2 3 4 5 6 7 8 9 |  9.9
Crossbows      | 1 2 3 4 5 6 7 8 9 |  9.9
Throwing       | 1 2 3 4 5 6 7 8 9 |  9.9
Stealth        | 1 2 3 4 5 6 7 8 9 |  9.9
Shields        | 1 2 3 4 5 6 7 8 9 |  9.9
Unarmed Combat | 1 2 3 4 5 6 7 8 9 |  9.9
Spellcasting   | 1 2 3 4 5 6 7 8 9 |  9.9
Evocations     | 1 2 3 4 5 6 7 8 9 |  9.9
Conjurations   | 1 2 3 4 5 6 7 8 |  8.3
Hexes          | 1 2 3 4 5 6 7 8 |  8.3
Summonings     | 1 2 3 4 5 6 7 8 |  8.3
Necromancy     | 1 2 3 4 5 6 7 8 |  8.3
Translocations | 1 2 3 4 5 6 7 8 |  8.3
Transmutations | 1 2 3 4 5 6 7 8 |  8.3
Fire Magic     | 1 2 3 4 5 6 7 8 |  8.3
Ice Magic      | 1 2 3 4 5 6 7 8 |  8.3
Air Magic      | 1 2 3 4 5 6 7 8 |  8.3
Earth Magic    | 1 2 3 4 5 6 7 8 |  8.3
Poison Magic   | 1 2 3 4 5 6 7 8 |  8.3
Armour         | 5 6 7 8 9 10 | 10.9
Dodging        | 5 6 7 8 9 10 | 10.9
Fighting       | 7 8 9 10 11 | 11.8
Polearms       | 7 8 9 10 11 | 11.8

Action                   |  1- 3 |  4- 6 |  7- 9 | 10-12 | 13-15 || total
-------------------------+-------+-------+-------+-------+-------++-------
Melee: Spear             |   101 |   209 |   275 |   902 |  1479 ||  2966
       Bite              |     8 |    13 |    27 |   125 |   215 ||   388
       Punch             |     2 |     7 |     9 |    49 |    10 ||    77
       Trident           |       |       |       |    13 |       ||    13
 Fire: Hunting sling     |       |       |       |     9 |    22 ||    31
Throw: Stone             |       |    24 |    35 |    81 |   106 ||   246
Invok: Berserk           |       |     3 |     8 |    25 |    22 ||    58
       Trog's Hand       |       |     1 |     6 |    21 |    26 ||    54
Evoke: Condenser vane    |       |       |       |       |     2 ||     2
       Wand              |       |       |       |       |     1 ||     1
  Use: Scroll            |       |     4 |     6 |    21 |     6 ||    37
       Potion            |       |       |       |     5 |     8 ||    13
 Stab: Sleeping          |     1 |       |       |       |       ||     1
       Paralysed         |       |       |       |       |     1 ||     1
       Petrified         |       |       |       |       |     7 ||     7
Armor: Chain mail        |    26 |       |       |       |       ||    26
       Plate armour      |     9 |    89 |   177 |   546 |   575 ||  1396
Dodge: Dodged            |    26 |    39 |    64 |   292 |   591 ||  1012
Block: Buckler           |       |       |       |       |   257 ||   257
